 Dungeon Crawl Stone Soup version 0.28-a0-1152-g9c71ebef14 (webtiles) character file.

Game seed: 6237652440720546698

72 spaghetti the Sneak (level 4, -1/46 HPs)
             Began as a Naga Delver on Dec 14, 2021.
             Was an Initiate of Gozag.
             Frozen to death by an endoplasm (5 damage)
             ... on level 4 of the Dungeon.
             The game lasted 00:03:39 (1072 turns).

spaghetti the Sneak (Naga Delver)                   Turns: 1072, Time: 00:03:40

Health: -1/46      AC:  6    Str: 13 (14) XL:     4   Next: 25%
Magic:  4/4        EV:  9    Int: 11 (13) God:    Gozag
Gold:   27         SH:  0    Dex: 11 (12) Spells: 3/3 levels left

rFire   . . .      SeeInvis +   a - +0 falchion {long}
rCold   . . .      Faith    .   (no shield)
rNeg    . . .      Spirit   .   b - +0 leather armour
rPois   +          Reflect  .   (no helmet)
rElec   .          Harm     .   (no cloak)
rCorr   .          Rampage  .   (no gloves)
Will    .....                   (no barding)
Stlth   +++.......              (no amulet)
HPRegen 0.15/turn               i - +4 ring of protection
MPRegen 0.09/turn               (no ring)

@: short of breath, flying (expiring), very slow
A: AC +1, large, see invisible, deformed body, poison resistance, slowness 2,
spit poison 1, naga tail 1
a: Spit Poison, Renounce Religion, Potion Petition, Call Merchant, Bribe Branch


You were on level 4 of the Dungeon.
You worshipped Gozag.
Gozag was noncommittal.
You visited 2 branches of the dungeon, and saw 3 of its levels.

You collected 39 gold pieces.
You paid 12 gold pieces to Gozag.


Innate Abilities, Weirdness & Mutations

Your serpentine skin is tough. (AC +1)
You have supernaturally acute eyesight. (SInv)
Armour fits poorly on your strangely shaped body.
Your system is resistant to poisons. (rPois)
You cover ground very slowly.
You can spit poison.
You have a snake-like lower body.


   Skills:
 + Level 5.0 Fighting
 - Level 2.0 Long Blades
 - Level 1.5 Dodging
 - Level 7.2 Stealth


You had 3 spell levels left.
You didn't know any spells.
Your spell library contained the following spells:

 Spells                   Type           Power      Damage    Failure   Level
 Summon Ice Beast         Ice/Summ       0%         N/A       99%         4
 Summon Mana Viper        Hex/Summ       0%         N/A       100%        5
 Monstrous Menagerie      Summ           0%         N/A       100%        7

Inventory:

Hand Weapons
 a - a +0 falchion (weapon) {long}
Armour
 b - a +0 leather armour (worn)
Jewellery
 i - a +4 ring of protection (left hand)
   (You found it on level 5 of the Dungeon)
Wands
 g - a wand of digging (1)
Scrolls
 c - a scroll of fog
 d - a scroll of magic mapping {!r}

Dungeon Overview and Level Annotations

Branches:
Dungeon (5/15)             Temple (1/1) D:5

Altars:
Elyvilon
Fedhas
Gozag
Hepliaklqana
Kikubaaqudgha
Makhleb
Nemelex Xobeh
Okawaru
Qazlal
Ru
Sif Muna
Trog
Uskayaw
Vehumet
Wu Jian
Yredelemnul
Zin
The Shining One

###.############
#.....@J....#..
#.#..##.##..#.# #.
#.##..#.# .## ..
#.......# #.. #.
#.##..#.# #.# #
.......#.#####.#
#.......#.......#
.......##.#.#..#
.K.....###...#.##.


You could see an endoplasm.


Message History

e - a viscous coppery potion The quokka bites you but does no damage.
It was a potion of flight.
You feel very buoyant.
You fly up into the air.
The quokka bites you.
* * * LOW HITPOINT WARNING * * *
Okay, then.
Okay, then.
You aren't carrying any potions.
Aiming: Spit Poison (1% risk of failure)
Press: ? - help, Shift-Dir - straight line, f - quokka
Aim: a quokka The splash of poison misses the quokka.
The splash of poison misses the ball python.
The splash of poison hits the endoplasm.
The quokka bites you.
* * * LOW HITPOINT WARNING * * *
😨 HP[-1]
You take 1 damage, and now have 14/45 hp.
Unknown command.
Unknown command.
Okay, then.
Okay, then.
The quokka bites you but does no damage.
The quokka bites you.
* * * LOW HITPOINT WARNING * * *
😱 HP[-3]
You take 3 damage, and now have 11/45 hp.
The quokka barely misses you. 😨 HP[+1]
Press: ? - help, v - describe, . - travel, g - get item Item here: a potion of brilliance.
The floor.
Unknown command.
Okay, then.
Unknown command.
You don't know any spells.
Okay, then.
Unknown command.
You have got your breath back.
The quokka bites you.
* * * LOW HITPOINT WARNING * * *
😱 HP[-2]
You take 2 damage, and now have 10/45 hp.
The quokka bites you.
* * * LOW HITPOINT WARNING * * *
😱 HP[-2]
You take 2 damage, and now have 8/45 hp.
Aiming: Spit Poison (1% risk of failure)
Press: ? - help, Q - select action, (/) - cycle Shift-Dir - straight line, f/p - quokka
Aim: a quokka The splash of poison misses the quokka.
The splash of poison hits the ball python.
The ball python is poisoned.
You kill the ball python!
The quokka bites you.
* * * LOW HITPOINT WARNING * * *
The quokka bites you.
* * * LOW HITPOINT WARNING * * *
Your Fighting skill increases to level 5! 😱 HP[-1]
You now have 46 max hp (+1).
You aren't carrying any potions.
Unknown command.
Okay, then.
Okay, then.
Okay, then.
You closely miss the quokka.
The gnoll is distracted by your dazzling golden aura.
The quokka bites you.
* * * LOW HITPOINT WARNING * * *
😱 HP[-2]
You take 2 damage, and now have 5/46 hp.
Unknown command.
The quokka barely misses you.
You have got your breath back.
The quokka bites you but does no damage. 😱 HP[+1]
The quokka is distracted by your dazzling golden aura.
Unknown command. 😱 HP[+1]
A kobold comes into view.
It is wielding a +0 short sword. 😱 HP[+1] 😱 HP[+1]
You are starting to lose your buoyancy.
Unknown command.
Aiming: Spit Poison (1% risk of failure)
Press: ? - help, Shift-Dir - straight line, f - endoplasm
Aim: an endoplasm The splash of poison hits the endoplasm.
The endoplasm freezes you.
You are frozen.
* * * LOW HITPOINT WARNING * * *
😱 HP[-5]
You take 5 damage, and now have 4/46 hp.
You barely miss the endoplasm. The endoplasm freezes you.
You are frozen.
You die...
Your body crumbles into a pile of gold.

Skill      XL: |  1  2  3  4 |
---------------+-------------+-----
Fighting       | 4 5 |  5.0
Long Blades    | |  2.0
Dodging        | |  1.5
Stealth        | |  7.2

Action                   |  1- 3 |  4- 6 || total
-------------------------+-------+-------++-------
Melee: Falchion          |    29 |    12 ||    41
 Abil: Spit Poison       |     7 |     6 ||    13
Evoke: Wand              |       |     2 ||     2
  Use: Potion            |     2 |     3 ||     5
       Scroll            |     2 |       ||     2
Armor: Leather armour    |    14 |    14 ||    28
Dodge: Dodged            |    18 |    14 ||    32

Levels and vault maps discovered:
D:4:      layout_loops_cross, doesnt_xom_only_xom, minivault_24,
          guppyfry_shop_venom
D:5:      layout_basic, grunt_temple_overflow_open,
          minmay_temple_entry_overgrown
Temple:   nicolae_temple_x_marks_the_god

Notes
Turn   | Place    | Note
-------+----------+-------------------------------------------
     0 | D:5      | spaghetti the Naga Delver began the quest for the Orb.
     0 | D:5      | Reached XP level 1. HP: 21/21 MP: 1/1
     0 | D:5      | magus.rc [v1.9.6]
     2 | D:5      | You pick up a book of Beasts and begin reading...
     2 | D:5      | You add the spells Summon Ice Beast, Summon Mana Viper and
                  | Monstrous Menagerie to your library.
     8 | Temple   | Entered the Ecumenical Temple
   103 | D:5      | Found a burning altar of Makhleb.
   221 | D:5      | HP: 4/21 [howler monkey zombie (5)]
   224 | D:5      | Reached XP level 2. HP: 4/30 MP: 2/2
   488 | D:5      | Found a sacrificial altar of Ru.
   530 | Temple   | Became a worshipper of Gozag Ym Sagoz the Greedy
   573 | D:5      | HP: 7/30 [poisoned by an adder]
   574 | D:5      | Reached skill level 4 in Fighting
   950 | D:5      | Reached XP level 3. HP: 14/37 MP: 3/3
   959 | D:4      | Noticed a gnoll sergeant
   970 | D:4      | Reached XP level 4. HP: 21/45 MP: 4/4
   984 | D:4      | HP: 9/45 [adder (3)]
  1005 | D:4      | HP: 8/45 [gnoll (1)]
  1016 | D:4      | HP: 8/45 [quokka (1)]
  1044 | D:4      | HP: 11/45 [quokka (3)]
  1050 | D:4      | HP: 8/45 [quokka (1)]
  1051 | D:4      | Reached skill level 5 in Fighting
  1071 | D:4      | HP: 4/46 [frozen (5)]
  1072 | D:4      | Frozen to death by an endoplasm

Vanquished Creatures
  A hound (D:5)
  A howler monkey zombie (D:5)
  A gnoll (D:4)
  2 adders
  A ball python (D:4)
  A kobold (D:4)
7 creatures vanquished.

Table legend:
 A = Non-vault XP
 B = Vault XP
 C = Vault XP percentage of total XP
 D = Non-vault monster count
 E = Vault monster count
 F = Vault count percentage of total count
                 A         B        C        D         E       F
            +---------+---------+-------+---------+---------+-------
      Total |     103 |       0 |   0.0 |       7 |       0 |   0.0
            +---------+---------+-------+---------+---------+-------
        D:4 |      32 |       0 |   0.0 |       4 |       0 |   0.0
        D:5 |      71 |       0 |   0.0 |       3 |       0 |   0.0
            +---------+---------+-------+---------+---------+-------

Illustrated notes

Table legend:
 A = Kills in this place as a percentage of kills in entire the game.
 B = Kills by you in this place as a percentage of kills by you in the entire game.
 C = Kills by friends in this place as a percentage of kills by friends in the entire game.
 D = Other kills in this place as a percentage of other kills in the entire game.
 E = Experience gained in this place as a percentage of experience gained in the entire game.
 F = Experience gained in this place divided by the number of levels of this place that you have seen.
                   A       B       C       D       E      F
               +-------+-------+-------+-------+-------+----------------------
         Total | 100.0 | 100.0 |   N/A |   N/A | 100.0 |  34.3
       Dungeon | 100.0 | 100.0 |   N/A |   N/A | 100.0 |  51.5
               +-------+-------+-------+-------+-------+----------------------

Table legend: (Time is in decaauts)
 A = Elapsed time spent in this place.
 B = Non-inter-level travel time spent in this place.
 C = Inter-level travel time spent in this place.
 D = Time resting spent in this place.
 E = Time spent auto-exploring this place.
 F = Levels seen in this place.
 G = Mean time per level.
                   A        B        C        D        E       F      G
               +--------+--------+--------+--------+--------+-----+--------+
         Total |   1175 |   1085 |     90 |    460 |    353 |   3 |  391.7 |
       Dungeon |   1061 |    987 |     74 |    460 |    287 |   2 |  530.5 |
        Temple |    114 |     98 |     16 |      0 |     65 |   1 |  114.0 |
               +--------+--------+--------+--------+--------+-----+--------+

Top non-repeatable levels by time:
     D:5: 933 daAuts
     D:4: 128 daAuts
  Temple: 114 daAuts
